 Dungeon Crawl Stone Soup version 0.25-a0-185-g6cfeca75b2 (webtiles) character file.

Game seed: 8854432587185028485, levelgen mode: deterministic

1150 MisterFreud the Firebug (level 8, -9/62 HPs)
             Began as a Naga Fire Elementalist on Nov 28, 2019.
             Was an Initiate of Cheibriados.
             Shot with a sling bullet by Joseph (12 damage)
             ... on level 7 of the Dungeon.
             The game lasted 00:15:56 (6651 turns).

MisterFreud the Firebug (Naga Fire Elementalist)    Turns: 6651, Time: 00:15:57

Health: -9/62      AC:  5    Str: 11    XL:     8   Next: 38%
Magic:  15/15      EV: 12    Int: 19    God:    Cheibriados [......]
Gold:   193        SH:  0    Dex: 13    Spells: 9/17 levels left

rFire    . . .     SeeInvis +   D - +0 halberd
rCold    . . .     Gourm    .   (shield currently unavailable)
rNeg     . . .     Faith    .   a - +0 robe
rPois    +         Spirit   .   r - +2 hat
rElec    .         Reflect  .   (no cloak)
rCorr    .         Harm     .   (no gloves)
MR       ++...                  (no barding)
Stlth    ++........             C - amulet of magic regeneration
HPRegen  0.20/turn              b - ring of protection from magic
MPRegen  0.39/turn              n - +2 ring of evasion

@: about to teleport, very slow
A: large, see invisible, deformed body, poison resistance, slowness 2, slow
metabolism 1, spit poison 1, AC +2
a: Spit Poison, Bend Time, Renounce Religion


You were on level 7 of the Dungeon.
You worshipped Cheibriados.
Cheibriados was noncommittal.
You were hungry.

You visited 2 branches of the dungeon, and saw 8 of its levels.

You collected 193 gold pieces.

Inventory:

Hand Weapons
 k - a +3 mace of holy wrath
 w - a +0 dagger of electrocution
 D - a +0 halberd (weapon)
Missiles
 d - 210 stones (quivered)
 e - 79 sling bullets
 h - 86 arrows
 q - 10 poisoned darts
 t - 42 bolts
Armour
 a - a +0 robe (worn)
 r - a +2 hat (worn)
Magical Staves
 F - an uncursed staff of cold {unknown}
Jewellery
 b - a ring of protection from magic (left hand)
 n - a +2 ring of evasion (right hand)
 v - an uncursed amulet of the gourmand {unknown}
 C - an amulet of magic regeneration (around neck)
Wands
 l - a wand of disintegration (7)
 B - a wand of acid (8)
Scrolls
 g - 4 scrolls of remove curse
 i - a scroll of amnesia
 y - a scroll of enchant armour
Potions
 f - a potion of might
 j - 2 potions of flight
 o - 2 potions of haste
 s - 2 potions of brilliance {unknown}
 u - 2 potions of curing
 x - 3 potions of degeneration {unknown}
 z - 2 potions of resistance
 A - 2 potions of mutation {unknown}
Comestibles
 c - 12 rations
 E - 2 chunks of flesh


   Skills:
 - Level 1.5 Dodging
 - Level 3.4 Stealth
 + Level 5.0 Spellcasting
 + Level 6.1 Conjurations
 + Level 6.1 Fire Magic


You had 9 spell levels left.
You knew the following spells:

 Your Spells              Type           Power        Failure   Level  Hunger
a - Flame Tongue          Conj/Fire      ####.        1%          1    None
b - Conjure Flame         Conj/Fire      ####....     3%          3    ##.....
c - Sticky Flame          Conj/Fire      ####....     10%         4    ####...

Your spell library contained the following spells:

 Spells                   Type           Power        Failure   Level  Hunger
 Throw Flame              Conj/Fire      ####..       1%          2    #......
 Inner Flame              Hex/Fire       ###.....     11%         3    ##.....
 Fireball                 Conj/Fire      ####......   28%         5    ######.


Dungeon Overview and Level Annotations

Branches:
Dungeon (7/15)             Temple (1/1) D:7

Altars:
Cheibriados
Dithmenos
Fedhas
Hepliaklqana
Kikubaaqudgha
Makhleb
Nemelex Xobeh
Okawaru
Qazlal
Vehumet
Yredelemnul
Zin
The Shining One

Annotations:
D:2 1 runed translucent door
D:7 Joseph


Innate Abilities, Weirdness & Mutations

You cannot wear boots.
Your serpentine skin is tough. (AC +2)
You have supernaturally acute eyesight. (SInv)
Armour fits poorly on your strangely shaped body.
Your system is resistant to poisons. (rPois)
You cover ground very slowly.
You have a slow metabolism.
You can spit poison.


Message History

* * * LOW HITPOINT WARNING * * *
Unknown command.
You feel much better.
Joseph burns!
Joseph hits you with a +0 quarterstaff!
You puncture Joseph!
Joseph is heavily wounded.
Joseph burns!
Joseph hits you but does no damage.
You barely miss Joseph.
Joseph is heavily wounded.
Joseph burns! x2; Joseph hits you with a +0 quarterstaff!
* * * LOW HITPOINT WARNING * * *
Joseph hits you with a +0 quarterstaff!
* * * LOW HITPOINT WARNING * * *
Unknown command.
Okay, then.
As you read the scroll of teleportation, it crumbles to dust.
You feel strangely unstable.
Joseph burns!
Joseph burns! x2; Joseph unwields a +0 quarterstaff.
Joseph wields a +2 hunting sling of flaming.
It bursts into flame!
Joseph shoots a sling bullet.
The sling bullet hits you!
You die...

...
#.#
...
#.#
#.#
#.#
#o#
#.####
#Y#
#.)...
#Y#
#.####
#@#
#.....
#)#
#.####
#@#
#.#
#.#
#.#
#.#
#.#
#.#
#.#
#.#
#.#
#(#
#.#
#.#
#.#
#.#
#.#
#.#
#.#


You could see Joseph (burning), 2 ice beasts and an orc priest.

Vanquished Creatures
  A sky beast (D:5)
  2 ogres
  2 centaurs
  A big kobold (D:7)
  A bullfrog (D:6)
  A scorpion (D:4)
  A crimson imp (D:5)
  A centaur zombie (D:5)
  4 hounds
  An orc priest (D:4)
  2 iguanas
  An orc wizard (D:4)
  2 worker ants
  A howler monkey zombie (D:6)
  5 adders
  7 gnolls
  A worm (D:5)
  2 dart slugs
  4 orcs
  8 giant cockroaches
  10 goblins
  8 hobgoblins
  7 kobolds
  A quokka (D:2)
  2 ball pythons
  3 bats
  7 frilled lizards
  A goblin zombie (D:2)
  A leopard gecko zombie (D:6)
  11 rats
99 creatures vanquished.

Vanquished Creatures (others)
  5 fungi (D:4)
5 creatures vanquished.

Grand Total: 104 creatures vanquished

Notes
Turn   | Place    | Note
-------+----------+-------------------------------------------
     0 | D:1      | MisterFreud the Naga Fire Elementalist began the quest for
                  | the Orb.
     0 | D:1      | Reached XP level 1. HP: 15/15 MP: 3/3
   494 | D:1      | Reached XP level 2. HP: 22/22 MP: 1/5
   913 | D:1      | Reached XP level 3. HP: 22/28 MP: 4/6
  1715 | D:2      | Found a runed translucent door.
  1715 | D:2      | Noticed a human
  1821 | D:2      | Found a basalt altar of Yredelemnul.
  2003 | D:2      | Reached XP level 4. HP: 30/36 MP: 4/7
  2221 | D:2      | Learned a level 3 spell: Conjure Flame
  2894 | D:3      | Noticed a centaur
  2997 | D:3      | Killed a centaur
  2997 | D:3      | Reached XP level 5. HP: 3/42 MP: 1/9
  3282 | D:3      | Learned a level 4 spell: Sticky Flame
  3610 | D:4      | Reached XP level 6. HP: 43/49 MP: 5/10
  4388 | D:5      | Entered Level 5 of the Dungeon
  4427 | D:5      | Reached XP level 7. HP: 55/55 MP: 5/12
  4778 | D:4      | Reached skill level 5 in Conjurations
  4778 | D:4      | Reached skill level 5 in Fire Magic
  6133 | D:6      | Reached XP level 8. HP: 62/62 MP: 9/14
  6273 | D:7      | Found a staircase to the Ecumenical Temple.
  6282 | Temple   | Entered the Ecumenical Temple
  6367 | Temple   | Became a worshipper of Cheibriados the Contemplative
  6617 | D:7      | Noticed Joseph
  6636 | D:7      | Reached skill level 5 in Spellcasting
  6649 | D:7      | HP: 2/62 [Joseph/+0 quarterstaff (11)]
  6651 | D:7      | Shot with a sling bullet by Joseph

Levels and vault maps discovered:
D:1:      roderic_chinese_lattice_arrival, layout_loops_ring
D:2:      layout_loops_corners, dk_yredelemnul_ordeal
D:3:      layout_basic, roderic_cross_of_infinity
D:4:      layout_rooms, serial_aquarium, aquarium_bridge_straight
          [aquarium_subvault_bridge, aquarium_subvault_balcony,
          aquarium_subvault_bridge, aquarium_subvault_wall],
          aquarium_window_fake, aquarium_window_fake, aquarium_view_2b,
          aquarium_view_2d, aquarium_balcony_5a, grunt_decor_mini_mirrors
D:5:      layout_layer_cave, first_ration
D:6:      layout_basic, gammafunk_ghost_necromancy
D:7:      layout_basic, minmay_temple_entry_junction, uniq_joseph,
          uniq_prince_ribbit1
Temple:   kilobyte_greek_temple

Skill      XL: |  1  2  3  4  5  6  7  8 |
---------------+-------------------------+-----
Conjurations   | 2 3 4 5 6 |  6.1
Spellcasting   | 3 4 5 |  5.0
Fire Magic     | 4 5 6 |  6.1
Dodging        | |  1.5
Stealth        | |  3.4

Action                   |  1- 3 |  4- 6 |  7- 9 || total
-------------------------+-------+-------+-------++-------
Melee: Unarmed           |     6 |       |       ||     6
       Club              |     6 |       |       ||     6
       Dagger            |     2 |     2 |     9 ||    13
       Mace              |       |     5 |       ||     5
       Halberd           |       |       |    86 ||    86
 Cast: Flame Tongue      |    25 |    42 |     4 ||    71
       Sticky Flame      |       |     1 |    14 ||    15
       Conjure Flame     |       |       |     2 ||     2
 Abil: Spit Poison       |    42 |    27 |     9 ||    78
  Use: Scroll            |     3 |     7 |     6 ||    16
       Potion            |       |     1 |     1 ||     2
 Stab: Sleeping          |     1 |       |     3 ||     4
  Eat: Chunk             |     5 |     7 |     6 ||    18
       Ration            |       |       |     1 ||     1
Armor: Robe              |     3 |     4 |    24 ||    31
Dodge: Dodged            |    23 |    22 |    66 ||   111

Table legend:
 A = Non-vault XP
 B = Vault XP
 C = Vault XP percentage of total XP
 D = Non-vault monster count
 E = Vault monster count
 F = Vault count percentage of total count
                 A         B        C        D         E       F
            +---------+---------+-------+---------+---------+-------
      Total |    1643 |       1 |   0.1 |      98 |       1 |   1.0
            +---------+---------+-------+---------+---------+-------
        D:1 |      37 |       0 |   0.0 |      21 |       0 |   0.0
        D:2 |      64 |       1 |   1.5 |      25 |       1 |   3.8
        D:3 |     186 |       0 |   0.0 |      14 |       0 |   0.0
        D:4 |     362 |       0 |   0.0 |      13 |       0 |   0.0
        D:5 |     501 |       0 |   0.0 |      13 |       0 |   0.0
        D:6 |     239 |       0 |   0.0 |       6 |       0 |   0.0
        D:7 |     254 |       0 |   0.0 |       6 |       0 |   0.0
            +---------+---------+-------+---------+---------+-------
